Cogmind - Beta 14 @@@ ROGUE MODE // 2024.09.06 @ 01:40:04 // Halloween2019/Abominations Player: J1ang-5h1 Result: Destroyed by Lesser Abomination with Heavy Assault Rifle Performance ------------- Evolutions (1) 500 Regions Visited (2) 400 Robots Destroyed (28) 140 Value Destroyed (1404) 1404 Prototype IDs (2) 40 Alien Tech Used (0) 0 Bonus (0) 0 TOTAL SCORE: 2484 Bonus ------- None Cogmind --------- Core Integrity 0/400 Matter 72/300 Energy 100/100 System Corruption 17% Temperature Cool (0) Movement Rolling (125) Ox3 Location -9/Materials Parts ------- > --- POWER (1) -------- (None) > --- PROPULSION (2) --- Wheel > --- UTILITY (4) ------ Improved Heat Sink Large Storage Unit Reactive Plating > --- WEAPON (2) ------- Light Cannon Light Cannon > --- INVENTORY (15) --- Small Storage Unit Improved Terrain Scanner Reactive Plating Great Maul Great Maul Peak State ------------ > --- POWER ------------ Ion Engine > --- PROPULSION ------- Aluminum Leg > --- UTILITY ---------- Improved Heat Sink Large Storage Unit Seismic Detector Reactive Plating > --- WEAPON ----------- Great Maul Great Maul > --- INVENTORY -------- Light Ion Engine Light Treads Light Treads Wheel Small Storage Unit Improved Terrain Scanner Reactive Plating Reactive Plating Reactive Plating Light Cannon Light Cannon Light Cannon Assault Cannon [Rating: 18] Favorites ----------- Power Ion Engine Engine Ion Engine Propulsion Aluminum Leg Treads Light Treads Leg Aluminum Leg Wheel Wheel Utility Large Storage Unit Device Improved Heat Sink Storage Large Storage Unit Protection Reactive Plating Weapon Light Cannon Energy Gun Small Laser Ballistic Gun Assault Rifle Ballistic Cannon Light Cannon Impact Weapon Great Maul Build | -11 -10 -9 ------- Run | Yrd Mat Mat Slots Evolved 2 | . . 2 Power . | . . . Propulsion . | . . . Utility 2 | . . 2 Weapon . | . . . Parts Attached 20 | . 5 15 Power 1 | . . 1 Engine 1 | . . 1 Core . | . . . Reactor . | . . . Propulsion 3 | . . 3 Treads 2 | . . 2 Leg . | . . . Wheel 1 | . . 1 Hover . | . . . Flight . | . . . Utility 7 | . 2 5 Device 2 | . 1 1 Storage 1 | . 1 . Processor . | . . . Hackware . | . . . Protection 4 | . . 4 Artifact . | . . . Weapon 9 | . 3 6 Energy Gun . | . . . Energy Cannon . | . . . Ballistic Gun 1 | . 1 . Ballistic Cannon 6 | . 2 4 Launcher . | . . . Special Weapon . | . . . Impact Weapon 2 | . . 2 Slashing Weapon . | . . . Piercing Weapon . | . . . Special Melee Weapon . | . . . Unidentified Prototypes . | . . . Parts Lost 14 | . 1 13 Power 2 | . . 2 Propulsion 4 | . . 4 Utility 4 | . . 4 Weapon 4 | . 1 3 Highest Loss Streak 5 | . 1 5 To Critical Strikes . | . . . Average Slot Usage (%) 90 | . 95 87 Engine 10 | . 14 9 Treads 4 | . . 7 Leg 15 | . 28 8 Wheel 1 | . . 2 Device 14 | . 9 17 Storage 12 | . 14 11 Protection 6 | . . 10 Energy Gun 1 | . 3 . Ballistic Gun 6 | . 18 . Ballistic Cannon 14 | . 6 19 Peak Build Rating 18 | 7 8 18 Average Rating 11 | 6 7 13 On Entrance 7 | 6 7 8 Naked Turns . | . . . Heaviest Build 45 | 13 33 45 Greatest Support 40 | 20 20 40 Greatest Overweight (x) 3 | . 1 3 Average Overweight (x) 1 | . . 1 Largest Inventory Capacity 15 | 8 15 15 Average Capacity 14 | 8 14 15 Most Carried 15 | 8 14 15 Average Carried 10 | 6 10 10 Final Capacity 15 | 8 15 15 Final Carried 14 | 8 14 5 Class Distribution -------------------- 100% | Mutant Dominant Class ---------------- Mutant | -10/Materials Mutant | -9/Materials Resources | -11 -10 -9 ----------- Run | Yrd Mat Mat Matter Collected 1020 | 221 189 610 Remotely . | . . . Salvage Created 895 | 161 351 383 Parts 53 | 8 15 30 Haulers Intercepted . | . . . Recyclers Shooed 1 | 1 . . Parts Field Recycled . | . . . Retrieved Matter . | . . . Parts Self-Destructed . | . . . Prevented . | . . . Kills | -11 -10 -9 ------- Run | Yrd Mat Mat Combat Hostiles Destroyed 23 | . 6 17 Guns 5 | . 5 . Cannons 17 | . 1 16 Classes Destroyed 7 | 2 2 3 Tunneler 3 | 3 . . Recycler 1 | 1 . . Watcher 1 | . . 1 Grunt 2 | . 1 1 Brawler 2 | . . 2 Protector 1 | . . 1 Abomination 18 | . 5 13 Best Kill Streak 3 | 2 3 2 Combat Bots Only 3 | . 3 2 Max Kills in Single Turn 1 | 1 1 1 Gunslinging . | . . . Exploded . | . . . Melee . | . . . Uniques/NPCs Destroyed . | . . . Combat | -11 -10 -9 -------- Run | Yrd Mat Mat Hostile Shots Fired 441 | . 56 385 Missed 128 | . 19 109 Damage Taken 4763 | . 458 4305 Core 516 | . 115 401 Absorbed by Shields . | . . . Ignored by Resistances 374 | . . 374 Core Remaining (%) 77 | 100 54 . Volleys Fired 130 | 7 38 85 Largest 2 | 2 2 2 Hottest 79 | 60 70 79 Shots Fired 244 | 14 61 169 Gun 69 | 14 55 . Cannon 175 | . 6 169 Launcher . | . . . Special . | . . . Kinetic 227 | 7 51 169 Thermal 17 | 7 10 . Explosive . | . . . Electromagnetic . | . . . Robot Hit Streak 17 | 4 9 17 Robot Miss Streak 5 | 2 3 5 Penetration Max . | . . . Secondary Targets . | . . . Shots Hit Robots 177 | 7 46 124 Core Hits 61 | 5 19 37 Critical Kills . | . . . Critical Parts Destroyed 1 | . . 1 Critical Strikes 4 | . . 4 Blast 3 | . . 3 Smash 1 | . . 1 Melee Attacks 5 | . . 5 Impact 5 | . . 5 Slashing . | . . . Piercing . | . . . Sneak Attacks . | . . . Combat Hostiles . | . . . Follow-up Attacks . | . . . Damage Inflicted 3149 | 89 559 2501 Guns 566 | 89 477 . Cannons 2397 | . 82 2315 Explosions . | . . . Melee 186 | . . 186 Ramming . | . . . Kinetic 2821 | 45 461 2315 Thermal 142 | 44 98 . Explosive . | . . . Electromagnetic . | . . . Impact 186 | . . 186 Slashing . | . . . Piercing . | . . . Highest Corruption 17 | . 3 17 Average Corruption 6 | . 2 9 Corruption Purged . | . . . Corruption Blocked . | . . . Effects 27 | . 4 23 Message Errors 6 | . 3 3 Matter Fused 6 | . . 6 Heat Flow Errors 3 | . 1 2 Energy Discharges 4 | . . 4 Data Loss (minor) 2 | . . 2 Data Loss (major) 1 | . . 1 Misfires 1 | . . 1 Alerts 1 | . . 1 Misdirections 1 | . . 1 Weapon Failures 2 | . . 2 Overload Shots . | . . . Overflow Damage 108 | . . 108 Projectiles 27 | . . 27 Explosions . | . . . Melee 81 | . . 81 Knockbacks 30 | . 1 29 Impact 1 | . . 1 Kinetic 29 | . 1 28 Secondary . | . . . Self-Inflicted Damage . | . . . Shots . | . . . Rammed . | . . . Targets Rammed . | . . . Kicked . | . . . Crushed . | . . . Highest Temperature 260 | 2 260 258 Average Temperature 75 | 2 46 96 Received Heat Transfer 1595 | . 165 1430 Siege Activations . | . . . Robots Corrupted 1 | . . 1 Combat Hostiles 1 | . . 1 Parts Fried 1 | . . 1 Impact Corruptions 4 | . . 4 Robots Melted . | . . . Combat Hostiles . | . . . Parts Melted . | . . . Heat Transferred 186 | 100 86 . Parts Sabotaged . | . . . Parts Stolen . | . . . Parts Stripped . | . . . Power Chain Reactions . | . . . Alert | -11 -10 -9 ------- Run | Yrd Mat Mat Peak Influence 146 | 20 58 146 Initial 13 | . 13 . Average 19 | 11 33 13 Maximum Alert Level . | . . . Low Security (%) 100 | 100 100 100 Level 1 . | . . . Level 2 . | . . . Level 3 . | . . . Level 4 . | . . . Level 5 . | . . . High Security . | . . . Max Security . | . . . Squads Dispatched 16 | . 8 8 Investigation 6 | . 3 3 Extermination . | . . . Reinforcement 4 | . 2 2 Assault 6 | . 3 3 Garrison . | . . . Intercept . | . . . Searches Triggered . | . . . Construction Impeded . | . . . Haulers Reinforced . | . . . Active Scanning Responses . | . . . Cargo Convoy Interrupts . | . . . Stealth | -11 -10 -9 --------- Run | Yrd Mat Mat Distress Signals 8 | . 3 5 Communications Jammed . | . . . Distress Signals . | . . . Times Spotted 44 | . 10 34 Peak Tracking Total 11 | . 3 11 Tactical Retreats 4 | . . 4 Traps | -11 -10 -9 ------- Run | Yrd Mat Mat Traps Triggered . | . . . Indirectly . | . . . Trap Hack Attempts . | . . . Triggered . | . . . Disarmed . | . . . Reprogrammed . | . . . Reused . | . . . Traps Extracted . | . . . Installed . | . . . Triggered . | . . . Machines | -11 -10 -9 ---------- Run | Yrd Mat Mat Machines Disabled 3 | . 1 2 Max in Single Turn 1 | . 1 1 Machines Repaired . | . . . Machines Dismantled . | . . . Machines Sabotaged . | . . . Overloaded Fab Kills . | . . . Hacking | -11 -10 -9 --------- Run | Yrd Mat Mat Machines Accessed 1 | . 1 . Terminals 1 | . 1 . Fabricators . | . . . Repair Stations . | . . . Recycling Units . | . . . Scanalyzers . | . . . Garrison Access . | . . . Total Hacks 3 | . 3 . Successful 2 | . 2 . Failed 1 | . 1 . Catastrophic 1 | . 1 . Database Lockouts . | . . . Manual . | . . . Terminals 3 | . 3 . Fabricators . | . . . Repair Stations . | . . . Recycling Units . | . . . Scanalyzers . | . . . Garrison Access . | . . . Terminal Hacks 2 | . 2 . Prototype ID Bank 1 | . 1 . Hauler Manifests 1 | . 1 . Fabricator Hacks . | . . . Repair Station Hacks . | . . . Recycling Unit Hacks . | . . . Scanalyzer . | . . . Garrison Access Hacks . | . . . Unauthorized Hacks . | . . . Terminals . | . . . Fabricators . | . . . Repair Stations . | . . . Recycling Units . | . . . Scanalyzers . | . . . Garrison Access . | . . . Data Cores Recovered . | . . . Used . | . . . Hacking Detections 1 | . 1 . Full Trace Events . | . . . Feedback Events . | . . . Feedback Blocked . | . . . Robot Schematics Acquired . | . . . Robots Built . | . . . Authchips . | . . . Time . | . . . Total Robot Build Rating . | . . . Part Schematics Acquired . | . . . Parts Built . | . . . Authchips . | . . . Time . | . . . Total Part Build Rating . | . . . Parts Repaired . | . . . Time . | . . . Parts Recycled . | . . . Recycled Matter . | . . . Retrieved Matter . | . . . Retrieved Components . | . . . Parts Scanalyzed . | . . . Part Schematics Acquired . | . . . Parts Damaged . | . . . Bothacking | -11 -10 -9 ------------ Run | Yrd Mat Mat Used RIF Installer . | . . . Robots Hacked . | . . . Non-combat . | . . . Combat . | . . . Robot Hacks Applied . | . . . Relay Couplers Released . | . . . Fabnet Peak Effective % . | . . . Robots Rewired . | . . . Allies Hacked . | . . . Hacks Repelled . | . . . Allies | -11 -10 -9 -------- Run | Yrd Mat Mat Total Allies . | . . . Largest Group . | . . . Highest-Rated Group . | . . . Highest-Rated Ally . | . . . Total Orders . | . . . Ally Attacks . | . . . Total Damage . | . . . Kills . | . . . Allies Corrupted . | . . . Allies Melted . | . . . Intel | -11 -10 -9 ------- Run | Yrd Mat Mat Robot Analysis Total . | . . . Derelict Logs Recovered . | . . . Drone Launches . | . . . Drone Recoveries . | . . . Exploration | -11 -10 -9 ------------- Run | Yrd Mat Mat Turns Passed 1305 | 70 441 794 Spaces Moved 477 | 24 175 278 Core . | . . . Treads 87 | . . 87 Legs 304 | 24 175 105 Wheels 86 | . . 86 Hover . | . . . Flight . | . . . Fastest Speed 110 | 120 120 110 Average Speed 175 | 120 186 173 Slowest Speed 260 | 120 190 260 Overloaded Moves . | . . . Propulsion Burnouts . | . . . Robots Hopped . | . . . Cave-ins Triggered . | . . . Exploration Rate (%) 22 | 3 35 29 Regions Visited 2 Branch Regions . Pre-discovered Areas . | . . . Known Exits Taken . | . . . Unknown Exits Taken 2 | 1 1 . Scrap Searched . | . . . Spaces Dug . | . . . Terrain Destroyed 4 | . . 4 Melee . | . . . Projectile 4 | . . 4 AOE . | . . . Terrain Rammed . | . . . Walls Destroyed . | . . . Machines Disabled . | . . . Actions | -11 -10 -9 --------- Run | Yrd Mat Mat Total 676 | 51 231 394 Wait 23 | 17 6 . Move 475 | 23 174 278 Hop . | . . . Pick Up 17 | 3 7 7 Fast Attach 1 | . 1 . Attach 14 | . 2 12 Detach 1 | . 1 . Swap 5 | . 2 3 Drop 5 | 1 . 4 Fire 130 | 7 38 85 Melee 5 | . . 5 Ram . | . . . Kick . | . . . Crush . | . . . Escape Stasis . | . . . Rewire . | . . . Trap . | . . . Miscellaneous . | . . . Route ------- -11/Scrapyard -10/Materials -9/Materials History --------- Turn | Location | Event 13 | -11/Scrapyard | Discovered new exit (range 3) 71 | -11/Scrapyard | Entered Materials 307 | -10/Materials | Build established: Mutant 385 | -10/Materials | Discovered new exit (range 15) 512 | -10/Materials | Entered another Materials area 512 | -9/Materials | Evolved 2 slots: Utility x2 852 | -9/Materials | Lost 5 parts (2n2u1w) 904 | -9/Materials | System corruption reached 10% 939 | -9/Materials | Core integrity fell below 50% 1013 | -9/Materials | Lost 3 parts (1p1u1w) 1137 | -9/Materials | Lost 3 parts (2n1w) 1226 | -9/Materials | Core integrity fell below 20% 1306 | -9/Materials | Destroyed by Lesser Abomination with Heavy Assault Rifle Last Messages --------------- 01270_ Lesser Abomination knocked back. 01277_ Disintegrating Anomaly forced to warp away. 01279_ Acquired 18 matter. 01280_ Acquired 25 matter. 01282_ Acquired 3 matter. 01287_ Lesser Abomination knocked back. 01297_ 27 Matter blinks away. 01298_ U=7NFB5/8W99E53T PTBHFGUTNTZ|11U 01299_ 4 Matter blinks away. 01299_ 1 Matter blinks away. 01299_ B-36 Bruiser destroyed. 01301_ Ice Anomaly freezes G-34 Mercenary. 01301_ U-05 Engineer builds a Wall. 01302_ Ice Anomaly freezes B-36 Bruiser. 01302_ Ice Anomaly freezes G-34 Mercenary. 01302_ Ice Anomaly freezes U-05 Engineer. 01303_ 1 Matter blinks away. 01303_ Ice Anomaly freezes B-36 Bruiser. 01305_ System corrupted: Lgt. Cannon jammed. Map ----- +----------------------------------------------------+ | ######"### + + """ # ##???????????? | | ###### # % ## [ # # # "#???????????? | | ###### # % #?# [ ??# ######## ##???????????? | | # # #?# ????+ #??????# #????????????? | | # # % #?#??????#%#??????# #????????????? | | S + # #????????# #??????# #????????????? | | ???? # # ##??????? ###???# #????????????? | | ?????# ####+######????? ??# #????????????? | | ?????# #????? ?# ### ###??????????? | | ?????# #?????###?# ### # #??????????? | | ?????# % ########### # #??????????? | | ??#### % ####+## ## # #??????????? | | ??# # # # ## % # #??????????? | | ??# # " # % # #??????????? | | ??# # # # # #??????????? | | ??######## # # "" "" !# #??????????? | | ????????? # # "T """ ##%# #??????????? | | ?????????#"# # """ """ "#=# #??????????? | | ??????????"# " % "# # #??????????? | | ??????????###+## "# # #??????????? | | ??????????? " ## #"##"#=# #??????????? | | ???????????"" ## % % # ####]###??????????? | | ??????????? #####"""" """" # ####=# #??????????? | | ???????????""##????##%" ####+#### #=# #??????????? | | ??????????? ??????# " # %= ####!###??????????? | | ????????????????????# " #@ n # ##???????????? | | ????????????????????# " # # ######??????????? | | ???????????????????# " # # " #?????#????? | | ???????????????????## " #A # " ### #????? | | ????????????????????# " # ; " %/%% ???????? | | ???????????????????# " ;;;;;;;;b# ####???????? | | ???????????????????## " %%% ;u " ??????? | | ???????????????????##"" A ;;;;;;; " ??????? | | ?????????????? / %# ; ; % " ??????? | | ???????????? # # A; ##### " ???????? | | ????????????????# # ;###??## " ????????? | | ????????????????# """%# ;###????###"" ?????????? | | ????????????????# """ # ;###?????? " ?????????? | | ????????????????# """?+ ;???????????"??????????? | | ??????????????????""??# #??????????????????????? | | ????????????????????? # n???????????????????????? | | ????????????????????? # ???????????????????????? | | ????????????????????" # ???????????????????????? | | ???????????????????? # ????????????????????????? | | ???????????????????? ?# ????????????????????????? | | ??????????????????????# ????????????????????????? | | ???????????????????????? ????????????????????????? | | ?????????????????????????????????????????????????? | | ?????????????????????????????????????????????????? | | ?????????????????????????????????????????????????? | +----------------------------------------------------+ Best States ------------- Heat Dissipation 42 Energy Generation 10 Energy Capacity 250 Matter Stores 300 Matter Capacity 300 Sight Range 16 Terrain Scan Density 10 Armor Coverage 150 Resistance: KI 20 Evasion (%) 45 Recoil Reduction 2 Item Schematics ----------------- None Robot Schematics ------------------ None Fabricated ------------ Nothing Alien Tech Used ----------------- None Achievements -------------- None Challenges ------------ None Game ------ Seed DerelictAdvancedCannon Manual? 0 Play Time 00:17:23 Cumulative 255.4 hours Start 2024.09.02 @ 20:09:16 End 2024.09.06 @ 01:40:04 Sessions 2 Manual Loads 0 Difficulty Rogue Special Mode Halloween2019/Abominations Game No. 192 Rogue 182 Adventurer 0 Explorer 10 Win Type - Total 3 Types 3/0/0/0/0/0/0/0/0 Lore% 62 Gallery% 69 Achievement% 53 Wizard Run 0 Options --------- Layout 2 ASCII 0 Keyboard 0 Movement Mouse Keybinds 1 Fullscreen 1 Font 24/Smallcaps Map View 50x44 Zoom Use 0% Tactical HUD 1 Map Filters NONE Filters NONE Steam 1 RUN: 3871cfe2-165d-46e0-9532-f24bd97fb0ba